 Dungeon Crawl Stone Soup version 0.27-a0-333-gfa571bf19a (webtiles) character file.

Game seed: 14743374745019927216

13 lessens the Caller (level 2, 0/24 HPs)
             Began as an Ogre Summoner on Feb 12, 2021.
             Slain by a goblin
             ... wielding a +0 dagger
              (5 damage)
             ... on level 1 of the Dungeon.
             The game lasted 00:01:13 (699 turns).

lessens the Caller (Ogre Summoner)                   Turns: 699, Time: 00:01:14

Health: 0/24       AC:  3    Str: 11    XL:     2   Next: 37%
Magic:  4/5        EV: 10    Int: 16    God:
Gold:   24         SH:  0    Dex:  9    Spells: 5/6 levels left

rFire    . . .     SeeInvis .   b - +0 hand axe
rCold    . . .     Faith    .   (no shield)
rNeg     . . .     Spirit   .   a - +0 robe
rPois    .         Reflect  .   (helmet restricted)
rElec    .         Harm     .   (no cloak)
rCorr    .         Rampage  .   (gloves unavailable)
Will     .....                  (boots unavailable)
Stlth    ++........             (no amulet)
HPRegen  0.08/turn              (no ring)
MPRegen  0.09/turn              (no ring)

@: no status effects
A: large, unfitting armour, tough skin 1
a: no special abilities


You were on level 1 of the Dungeon.
You visited 1 branch of the dungeon, and saw 1 of its levels.

You collected 24 gold pieces.

Inventory:

Hand Weapons
 b - a +0 hand axe (weapon)
 h - a +0 club
Missiles
 g - 19 stones
Armour
 a - a +0 robe (worn)
Scrolls
 c - a scroll of random uselessness {unknown}
 e - 3 scrolls of immolation {unknown}
 f - 2 scrolls of noise {unknown}
Potions
 d - 2 potions of curing {unknown}


   Skills:
 + Level 0.1 Maces & Flails
 - Level 1.7 Dodging
 - Level 1.7 Stealth
 - Level 2.8 Spellcasting
 - Level 3.8 Summonings


You had 5 spell levels left.
You knew the following spells:

 Your Spells              Type           Power        Failure   Level
a - Summon Small Mammal   Summ           56%          4%          1

Your spell library contained the following spells:

 Spells                   Type           Power        Failure   Level
 Call Imp                 Summ           14%          6%          2
 Call Canine Familiar     Summ           14%          12%         3
 Summon Guardian Golem    Hex/Summ       8%           26%         3
 Summon Ice Beast         Ice/Summ       8%           65%         4
 Summon Lightning Spire   Summ/Air       8%           65%         4


Dungeon Overview and Level Annotations

Branches:
Dungeon (1/15)

Altars:


Innate Abilities, Weirdness & Mutations

You are too large for most types of armour.
You have tough skin. (AC +1)


Message History

You hit the goblin but do no damage.
The goblin is moderately wounded.
The goblin hits you with a +0 dagger. x2
You barely miss the goblin.
The goblin is moderately wounded.
The goblin hits you with a +0 dagger.
Casting: Summon Small Mammal (safe; 4% risk of failure)
Confirm with . or Enter, or press ? or * to list all spells.
Something closely misses your quokka. The goblin hits you with a +0 dagger.
* * * LOW HITPOINT WARNING * * *
Casting: Summon Small Mammal (safe; 4% risk of failure)
Confirm with . or Enter, or press ? or * to list all spells.
Something hits your quokka but does no damage.
The goblin hits you with a +0 dagger.
* * * LOW HITPOINT WARNING * * *
Your quokka bites the goblin.
The goblin dies!
You swap places.
Something closely misses your quokka.
Your quokka misses the hobgoblin.
Found a robe.
Your quokka bites the hobgoblin.
The hobgoblin dies!
Something barely misses your quokka.
The goblin hits your quokka with a +0 dagger.
Your quokka bites the goblin.
The goblin misses your quokka.
The goblin hits your rat but does no damage.
Your quokka barely misses the goblin.
Your rat misses the goblin. The goblin barely misses your rat.
Your quokka misses the goblin.
Your rat barely misses the goblin.
Your quokka barely misses the goblin.
The goblin hits your rat with a +0 dagger.
Your rat dies!
Your rat's corpse disappears in a puff of smoke!
Your quokka barely misses the goblin.
You barely miss the goblin.
The goblin is moderately wounded.
Your quokka closely misses the goblin.
The goblin misses you.
Your quokka barely misses the goblin.
The goblin hits you with a +0 dagger.
You die...

## ##....#...# .#
.####.....#...### .#
##♣...###.......# .#
#P≈≈........#.#.#####.#
≈≈≈≈.....##...#.##....#
#♣≈≈.....##...........#
##♣.#....#..##........#
<#########.#######....#
## #. #...@gr...##
#.#..######...# ....
##..# #... #..# #.#
#..## [ #...#####
#g#.....# ...#.....#
.....#.....#


You could see a goblin (ally target) and a friendly quokka (summoned).

Vanquished Creatures
  2 goblins (D:1)
  A hobgoblin (D:1)
  A kobold (D:1)
  A frilled lizard (D:1)
  2 rats (D:1)
7 creatures vanquished.

Vanquished Creatures (collateral kills)
  2 leopard geckos (D:1)
  2 hobgoblins (D:1)
  A frilled lizard (D:1)
  A goblin (D:1)
6 creatures vanquished.

Grand Total: 13 creatures vanquished

Notes
Turn   | Place    | Note
-------+----------+-------------------------------------------
     0 | D:1      | lessens the Ogre Summoner began the quest for the Orb.
     0 | D:1      | Reached XP level 1. HP: 16/16 MP: 3/3
   308 | D:1      | Reached XP level 2. HP: 24/24 MP: 5/5
   699 | D:1      | Slain by a goblin

Illustrated notes

Levels and vault maps discovered:
D:1:      sevenhm_arrival_forest_fort_small_4, layout_rooms

Action                   || total
-------------------------++-------
Melee: Hand axe          ||    24
       Unarmed           ||     1
 Cast: Summon Small Mamm ||     5
 Stab: Sleeping          ||     1
Armor: Robe              ||     8
Dodge: Dodged            ||    17

Table legend: (Time is in decaauts)
 A = Elapsed time spent in this place.
 B = Non-inter-level travel time spent in this place.
 C = Inter-level travel time spent in this place.
 D = Time resting spent in this place.
 E = Time spent auto-exploring this place.
 F = Levels seen in this place.
 G = Mean time per level.
                   A        B        C        D        E       F      G
               +--------+--------+--------+--------+--------+-----+--------+
         Total |    717 |    698 |     19 |    154 |    395 |   1 |  717.0 |
       Dungeon |    717 |    698 |     19 |    154 |    395 |   1 |  717.0 |
               +--------+--------+--------+--------+--------+-----+--------+

Top non-repeatable levels by time:
     D:1: 717 daAuts
